 Dungeon Crawl Stone Soup version 0.19-a0 (webtiles) character file.

7456 warlockg3 the Insei (level 11, -6/56 HPs)
             Began as a Vine Stalker Monk on Apr 27, 2016.
             Was a High Priest of Okawaru.
             Mangled by a porcupine (14 damage)
             ... on level 2 of the Lair of Beasts.
             The game lasted 00:41:15 (8253 turns).

warlockg3 the Insei (Vine Stalker Monk)             Turns: 8253, Time: 00:41:16

Health: -6/56      AC:  9    Str: 18    XL:     11   Next: 15%
Magic:  0/20       EV: 26    Int: 10    God:    Okawaru [*****.]
Gold:   558        SH:  0    Dex: 28    Spells: 3 memorised, 10 levels left

rFire  . . .     SeeInvis .     l - +6 short sword "Rauxa" {pierce, Str+2 Dex+2}
rCold  + . .     Gourm    .     G - +0 robe of the Cicada {MR- Dex+4}
rNeg   . . .     Faith    .     (no shield)
rPois  .         Spirit   +     a - +2 hat
rElec  .         Dismiss  .     (no cloak)
rCorr  .         Reflect  .     (no gloves)
SustAt .         Harm     .     V - +1 pair of boots {Stlth+}
MR     .....     Clarity  +     E - amulet of regeneration
Stlth  +++++++...               u - +3 ring of protection
                                n - +4 ring of dexterity

@: heroism, not resistant to hostile enchantments, extremely stealthy
A: claws 1, fangs 3, talons 1, clarity, cold resistance 1, regeneration 3, magic
shield, antimagic bite, no device heal 3, rot immunity
a: Heroism, Finesse, Renounce Religion


You were on level 2 of the Lair of Beasts.
You worshipped Okawaru.
Okawaru was extremely pleased with you.
You were not hungry.

You visited 3 branches of the dungeon, and saw 12 of its levels.
You also visited: Sewer.

You collected 558 gold pieces.

Inventory:

Hand Weapons
 l - the +6 short sword "Rauxa" (weapon) {pierce, Str+2 Dex+2}
   (You found it on level 4 of the Dungeon)

   It inflicts extra damage upon your enemies.
   It affects your strength (+2).
   It affects your dexterity (+2).
 w - a +0 flail of holy wrath
Missiles
 K - 43 poisoned needles
Armour
 a - a +2 hat (worn)
 B - a +1 leather armour of poison resistance
 G - the +0 robe of the Cicada (worn) {MR- Dex+4}
   (You found it on level 5 of the Dungeon)

   It affects your dexterity (+4).
   It affects your resistance to hostile enchantments.
 V - a +1 pair of boots of stealth (worn)
Jewellery
 j - an uncursed amulet of the gourmand {unknown}
 n - a +4 ring of dexterity (left claw)
 q - an uncursed ring of stealth
 u - a +3 ring of protection (right claw)
 E - an amulet of regeneration (around neck)
Wands
 r - a wand of flame (38/48)
 s - a wand of iceblast (9/15)
 t - a wand of polymorph (24/24)
 y - a wand of confusion (20/48)
 D - a wand of confusion (8/48)
 M - a wand of digging (15/24)
 O - a wand of iceblast (3/15)
 P - a wand of lightning (11/15)
 Q - a wand of digging (8/24)
 S - a wand of random effects (19/48)
 U - a wand of flame (30/48)
 W - a wand of digging (12/24)
Scrolls
 c - 2 scrolls of blinking
 d - 7 scrolls of remove curse
 h - 4 scrolls of teleportation
 i - 2 scrolls of recharging
 k - 4 scrolls of identify
 o - 2 scrolls of enchant weapon
 A - 2 scrolls of amnesia
 I - a scroll of vulnerability {unknown}
 J - a scroll of fog
 L - a scroll of fear
Potions
 f - a potion of lignification
 g - 2 potions of might
 m - 2 potions of invisibility
 p - 6 potions of curing
 F - a potion of magic
 N - a potion of haste {unknown}
 T - a potion of resistance {unknown}
Books
 e - a book of the Dragon

   Spells                             Type                      Level
   a - Flame Tongue                   Conjuration/Fire             1
   b - Cause Fear                     Hexes                        4
   c - Bolt of Fire                   Conjuration/Fire             6
   d - Dragon Form                    Transmutation                7
   e - Dragon's Call                  Summoning                    9
 v - a book of Maledictions

   Spells                             Type                      Level
   a - Corona                         Hexes                        1
   b - Ensorcelled Hibernation        Hexes/Ice                    2
   c - Confuse                        Hexes                        3
   d - Tukima's Dance                 Hexes                        3
   e - Dazzling Spray                 Conjuration/Hexes            3
 z - a book of Annihilations

   Spells                             Type                      Level
   a - Poison Arrow                   Conjuration/Poison           6
   b - Chain Lightning                Conjuration/Air              8
   c - Lehudib's Crystal Spear        Conjuration/Earth            8
   d - Glaciate                       Conjuration/Ice              9
   e - Fire Storm                     Conjuration/Fire             9
Comestibles
 b - 6 bread rations
 x - 4 meat rations
 C - a slice of pizza
 H - 3 fruits
 R - 8 beef jerkies


   Skills:
 + Level 5.2(10.2) Fighting
 + Level 4.5(9.5) Short Blades
 + Level 6.7(11.7) Dodging
 + Level 6.4(11.4) Stealth
 * Level 7.7(12.7) Unarmed Combat
 * Level 5.5 Spellcasting
 - Level 5.0 Conjurations
 * Level 1.5 Hexes
 * Level 2.0 Transmutations
 - Level 5.0 Fire Magic
 * Level 4.2 Invocations


You had 10 spell levels left.
You knew the following spells:

 Your Spells              Type           Power        Failure   Level  Hunger
a - Flame Tongue          Conj/Fire      ##...        3%          1    None
b - Dragon Form           Trmt           #.........   100%        7    #######
c - Dazzling Spray        Conj/Hex       #.......     17%         3    ###....


Dungeon Overview and Level Annotations

Branches:
Dungeon (9/15)             Temple (1/1) D:5            Lair (2/8) D:9
    Orc: D:9-12

Altars:
Ashenzari
Cheibriados
Dithmenos
Elyvilon
Fedhas
Gozag
Kikubaaqudgha
Makhleb
Nemelex Xobeh
Okawaru
Pakellas
Qazlal
Ru
Sif Muna
Trog
Vehumet
Xom
Yredelemnul
Zin
The Shining One


Innate Abilities, Weirdness & Mutations

You have razor-sharp teeth.
You regenerate.
When hurt, damage is shared between your health and your magic reserves.
Your bite disrupts and absorbs the magic of your enemies.
Potions and wands cannot restore your health.
You are immune to rotting.
You have sharp fingernails.
You have sharp toenails.
You possess an exceptional clarity of mind.
Your flesh is cold resistant.


Message History

You don't have enough magic at the moment.
You gain the combat prowess of a mighty hero.
You feel slightly more hungry.
The black mamba bites you but does no damage.
The basilisk bites you but does no damage.
The black mamba misses you. The porcupine barely misses you.
The basilisk barely misses you. The porcupine bites you.
* * * LOW HITPOINT WARNING * * *
The black mamba bites you but does no damage.
The porcupine closely misses you.
The black mamba completely misses you. x2
The porcupine misses you. The black mamba completely misses you.
The porcupine twitches its whiskers.
The porcupine completely misses you. The black mamba bites you!
* * * LOW HITPOINT WARNING * * *
The basilisk gazes at you. You resist with significant effort.
The black mamba misses you. The porcupine bites you!
You die...

....# P.. #...#
....##.###....#
............#
#....8....#
#.......#####
##.8...8.#...#
##.[.......#..#
#...†.8.r.%..###
#......lS@...#.####
#......####.....##.##
#....#... ##..[.....##
..8.######..##.....<..#
#... #.=...........#
##+ ##.......######
#....#..# #......##
#..#.###


You could see a black mamba, a basilisk and a porcupine.

Vanquished Creatures
  Gastronok (D:8)
  A hill giant (D:9)
  A spiny frog (Lair:1)
  A two-headed ogre (D:8)
  A wyvern (D:8)
  A hippogriff (Lair:1)
  4 yaks (Lair:1)
  Edmund (D:4)
  3 wargs (D:9)
  A porcupine (Lair:1)
  4 sky beasts
  An orc warrior (D:7)
  A black bear (D:8)
  8 wolves (Lair:1)
  3 ogres
  A phantom (D:9)
  3 centaurs (D:8)
  2 big kobolds
  2 giant frogs
  3 wights (D:6)
  4 howler monkeys
  A crimson imp (D:6)
  3 jellies
  2 centaur zombies
  2 hounds
  3 orc priests (D:9)
  7 iguanas
  A centaur skeleton (D:7)
  7 orc wizards
  Natasha (thrice) (D:2)
  7 worker ants
  A killer bee zombie (D:6)
  A hound zombie (D:9)
  A hound skeleton (D:6)
  5 adders
  3 oozes
  3 worms (Sewer)
  An adder skeleton (D:4)
  6 giant geckos
  21 orcs
  7 giant cockroaches
  6 goblins
  4 hobgoblins
  4 jackals
  2 quokkas
  4 ball pythons
  14 bats
  A giant cockroach zombie (D:6)
  A giant gecko skeleton (D:8)
  2 giant gecko zombies (D:5)
  4 giant newts
  20 kobolds
  8 rats
202 creatures vanquished.

Vanquished Creatures (collateral kills)
  2 river rats (D:6)
  2 rats (D:6)
4 creatures vanquished.

Vanquished Creatures (others)
  A jelly (D:5)
  A lightning spire (D:4)
  An adder zombie (D:5)
3 creatures vanquished.

Grand Total: 209 creatures vanquished

Notes
Turn   | Place    | Note
--------------------------------------------------------------
     0 | D:1      | warlockg3 the Vine Stalker Monk began the quest for the Orb.
     0 | D:1      | Reached XP level 1. HP: 11/11 MP: 2/2
   288 | D:1      | Reached XP level 2. HP: 16/16 MP: 3/3
   925 | D:2      | Reached XP level 3. HP: 17/20 MP: 4/4
  1014 | D:2      | Noticed Natasha
  1024 | D:2      | Killed Natasha
  1024 | D:2      | Reached XP level 4. HP: 17/24 MP: 2/5
  1123 | D:2      | Found a glowing silver altar of Zin.
  1123 | D:2      | Found an opulent altar of Gozag.
  1224 | D:2      | Noticed Natasha
  1240 | D:2      | Killed Natasha
  1304 | D:2      | Noticed Natasha
  1312 | D:2      | Killed Natasha
  1312 | D:2      | Reached XP level 5. HP: 18/28 MP: 6/6
  1780 | D:3      | Learned a level 1 spell: Flame Tongue
  1790 | D:3      | Found a glowing golden altar of the Shining One.
  2414 | D:4      | Reached skill level 5 in Unarmed Combat
  2414 | D:4      | Reached skill level 1 in Spellcasting
  2517 | D:4      | Gained mutation: You heal very quickly. [Vine Stalker growth]
  2517 | D:4      | Reached XP level 6. HP: 6/32 MP: 8/8
  2603 | D:4      | Got a pitted short sword
  2612 | D:4      | Identified the +6 short sword "Rauxa" {pierce, Str+2 Dex+2} (You found it on level 4 of the Dungeon)
  2837 | D:4      | Found an oddly glowing altar of Pakellas.
  2838 | D:4      | Noticed a gargoyle
  2904 | D:4      | Noticed Edmund
  2916 | D:4      | Killed Edmund
  2916 | D:4      | Reached skill level 1 in Conjurations
  2916 | D:4      | Reached skill level 1 in Fire Magic
  2922 | D:4      | Noticed a phantom
  2934 | D:5      | Entered Level 5 of the Dungeon
  2973 | D:5      | Noticed a sky beast
  2974 | D:5      | Found an ancient bone altar of Kikubaaqudgha.
  2978 | D:5      | Killed a sky beast
  2978 | D:5      | Reached skill level 5 in Stealth
  2978 | D:5      | Reached XP level 7. HP: 36/36 MP: 9/11
  2985 | D:5      | Gained mutation: You have sharp fingernails. [mutagenic meat]
  2986 | D:5      | Gained mutation: Your magical capacity is low (-10% MP). [mutagenic meat]
  2987 | D:5      | Gained mutation: Scrolls take you a little longer to read. [mutagenic meat]
  2988 | D:5      | Gained mutation: You are clumsy. (Dex -2) [mutagenic meat]
  2989 | D:5      | Gained mutation: You possess an exceptional clarity of mind. [mutagenic meat]
  3184 | D:5      | Found a staircase to the Ecumenical Temple.
  3231 | Temple   | Entered the Ecumenical Temple
  3341 | Temple   | Became a worshipper of Warmaster Okawaru
  3341 | Temple   | Reached * piety under Okawaru
  3341 | Temple   | Reached ** piety under Okawaru
  3395 | D:5      | Got a brightly glowing robe
  3406 | D:5      | Identified the +0 robe of the Cicada {MR- Dex+4} (You found it on level 5 of the Dungeon)
  3422 | D:5      | Found a radiant altar of Vehumet.
  3862 | D:6      | Found a glowing drain.
  3913 | Sewer    | Entered a sewer
  3966 | Sewer    | Reached skill level 1 in Short Blades
  4252 | D:6      | Gained mutation: You have razor-sharp teeth. [Vine Stalker growth]
  4252 | D:6      | Reached XP level 8. HP: 40/41 MP: 11/11
  4294 | D:6      | Found an ancient bone altar of Kikubaaqudgha.
  4473 | D:6      | Lost mutation: Scrolls take you a little longer to read. [mutagenic meat]
  4474 | D:6      | Gained mutation: Your flesh is cold resistant. [mutagenic meat]
  4475 | D:6      | Gained mutation: You regenerate. [mutagenic meat]
  4476 | D:6      | Lost mutation: You are clumsy. (Dex -2) [mutagenic meat]
  4877 | D:7      | Reached *** piety under Okawaru
  4883 | D:7      | Reached skill level 6 in Unarmed Combat
  5173 | D:7      | Found a deep blue altar of Sif Muna.
  5269 | D:7      | You fall through a shaft!
  5305 | D:8      | Reached skill level 1 in Invocations
  5305 | D:8      | Reached XP level 9. HP: 38/45 MP: 14/14
  5473 | D:8      | Found a radiant altar of Vehumet.
  5492 | D:8      | Lost mutation: Your magical capacity is low (-10% MP). [mutagenic meat]
  5493 | D:8      | Gained mutation: You have sharp toenails. [mutagenic meat]
  5610 | D:8      | Noticed Gastronok
  5766 | D:8      | Killed Gastronok
  5766 | D:8      | Reached **** piety under Okawaru
  5766 | D:8      | Received a gift from Okawaru
  5766 | D:8      | Reached skill level 5 in Dodging
  5766 | D:8      | Reached XP level 10. HP: 45/51 MP: 16/18
  5822 | D:8      | Reached skill level 7 in Unarmed Combat
  5864 | D:8      | Found a bloodstained altar of Trog.
  6289 | D:9      | Found a staircase to the Lair.
  6398 | D:9      | Noticed a hill giant
  6409 | D:9      | Killed a hill giant
  6409 | D:9      | Reached ***** piety under Okawaru
  6409 | D:9      | Reached skill level 5 in Fighting
  6409 | D:9      | Reached skill level 5 in Spellcasting
  6447 | D:9      | Reached skill level 5 in Conjurations
  6460 | D:9      | Learned a level 7 spell: Dragon Form
  6506 | D:9      | Learned a level 3 spell: Dazzling Spray
  6677 | D:9      | Reached skill level 5 in Fire Magic
  6741 | D:9      | Found a stormy altar of Qazlal.
  7159 | Lair:1   | Entered Level 1 of the Lair of Beasts
  7252 | Lair:1   | Noticed a spiny frog
  7282 | Lair:1   | Killed a spiny frog
  7282 | Lair:1   | Reached skill level 1 in Transmutations
  7447 | Lair:1   | Reached XP level 11. HP: 56/56 MP: 20/20
  7764 | Lair:1   | Reached skill level 1 in Hexes
  7808 | Lair:1   | Received a gift from Okawaru
  8253 | Lair:2   | Mangled by a porcupine

Vault maps used:
D:1:      dpeg_arrival_lava_altar
D:2:      grunt_temple_overflow_gold_and_silver, first_bread, uniq_natasha
D:3:      nicolae_tso_carved_into_rock
D:4:      gammafunk_pakellas_spire_experiment, uniq_edmund
D:5:      fiery_altar_vehumet, kiku_gazebo_garden_becter,
          minmay_temple_entry_overgrown
D:6:      basic_altar, portal_sewer_entry_c
D:7:      lemuel_coloured_pillars_altar
D:8:      basic_altar, grunt_ogre_cave, vehumet_altar_wand_db, uniq_gastronok
D:9:      nicolae_overflow_crystal_walls, erik_lair_orcish_takeover,
          minivault_19, minmay_misc_feat_secret_circle
Temple:   eino_narrow_crystal_temple_b_12
Lair:1:   beast_lair_carwin_7
Lair:2:   grunt_megastairs_4
Sewer:    sewer_co_15_rooms

Skill      XL: |  1  2  3  4  5  6  7  8  9 10 11 |
---------------+----------------------------------+-----
Fighting       | 3 4 5 |  5.2
Stealth        | 3 4 5 6 |  6.4
Dodging        | 3 4 5 6 |  6.7
Unarmed Combat | 5 6 7 |  7.7
Spellcasting   | 1 2 3 4 5 |  5.5
Conjurations   | 1 2 3 4 5 |  5.0
Fire Magic     | 1 2 3 4 5 |  5.0
Short Blades   | 1 2 3 4 |  4.5
Invocations    | 1 2 4 |  4.2
Transmutations | 1 2 |  2.0
Hexes          | 1 |  1.5

Action                   |  1- 3 |  4- 6 |  7- 9 | 10-12 || total
-------------------------+-------+-------+-------+-------++-------
Melee: Unarmed           |    61 |   117 |       |       ||   178
       Bite              |    13 |    41 |    93 |    88 ||   235
       Punch             |     1 |     2 |    10 |    18 ||    31
       Short sword       |       |    16 |   233 |   177 ||   426
       Kick              |       |       |    25 |    93 ||   118
Invok: Heroism           |       |       |     4 |     7 ||    11
  Use: Scroll            |       |     9 |     9 |       ||    18
       Potion            |       |     7 |       |     3 ||    10
 Stab: Sleeping          |     8 |    16 |    13 |     8 ||    45
       Distracted        |       |     2 |     1 |       ||     3
  Eat: Chunk             |       |     2 |    15 |       ||    17
       Bread ration      |       |     1 |     2 |     2 ||     5
Armor: Robe              |    13 |    15 |    40 |    31 ||    99
       Leather armour    |       |       |     3 |       ||     3
Dodge: Dodged            |    35 |    80 |   169 |   241 ||   525
